 Dungeon Crawl Stone Soup version 0.29.1-4-g47bece8355 (webtiles) character file.

Game seed: 15804492787040496818

1262 MacCMillion the Cleaver (level 8, 0/102 HPs)
             Began as a Hill Orc Fighter on Dec 5, 2022.
             Was an Initiate of Qazlal.
             Killed from afar by a steam dragon (3 damage)
             ... with a ball of steam
             ... on level 6 of the Dungeon.
             The game lasted 00:09:33 (6433 turns).

MacCMillion the Cleaver (Hill Orc Fighter)          Turns: 6433, Time: 00:09:34

Health: 0/102      AC: 24    Str: 21    XL:     8   Next: 52%
Magic:  11/11      EV:  2    Int:  8    God:    Qazlal [......]
Gold:   208        SH:  5    Dex: 10    Spells: 7/7 levels left

rFire   + + .      SeeInvis .   a - +0 war axe
rCold   x . .      Faith    .   c - +0 buckler
rNeg    . . .      Spirit   .   (body armour currently unavailable)
rPois   +          Reflect  .   (helmet currently unavailable)
rElec   .          Harm     .   (cloak currently unavailable)
rCorr   .          Rampage  .   (gloves currently unavailable)
Will    .....      NoTele   +   (boots currently unavailable)
Stlth   +.........              (no amulet)
HPRegen 0.27/turn               g - ring of protection from fire
MPRegen 0.12/turn               w - ring of fire

@: lethally poisoned (0 -> -3), tree-form, mesmerised
A: stationary, stasis, torment immunity, boosted hp
a: Renounce Religion


You were on level 6 of the Dungeon.
You worshipped Qazlal.
Qazlal was noncommittal.
You were a tree.
You visited 1 branch of the dungeon, and saw 6 of its levels.

You collected 208 gold pieces.

Inventory:

Hand Weapons
 a - a +0 war axe (weapon)
Missiles
 x - 5 javelins (quivered)
 A - 4 poisoned darts
Armour
 b - a +0 scale mail (melded)
 c - a +0 buckler (worn)
 q - a +0 kite shield
 s - a +0 cloak (melded)
Jewellery
 g - a ring of protection from fire (left branch)
 h - a +6 ring of intelligence
 i - the ring of Ypofegor {Dex+3 SInv}
   (You found it on level 2 of the Dungeon)

   [ring of see invisible]

   Dex:       It affects your dexterity (+3).
   SInv:      It lets you see invisible.
 t - a ring of magical power
 w - a ring of fire (right branch)
 C - a +4 ring of evasion
 E - a +6 ring of dexterity
Wands
 y - a wand of charming (7)
Scrolls
 e - a scroll of enchant armour {unknown}
 j - 3 scrolls of identify {unknown}
 l - 2 scrolls of amnesia {unknown}
 m - 2 scrolls of teleportation {unknown}
 n - a scroll of blinking {unknown}
 v - a scroll of enchant weapon {unknown}
 D - a scroll of poison {unknown}
Potions
 d - a potion of might
 f - 7 potions of curing
 k - 2 potions of lignification
 o - a potion of resistance {unknown}
 p - a potion of flight {unknown}
 r - 2 potions of brilliance {unknown}
 u - a potion of heal wounds {unknown}
 z - 2 potions of haste {unknown}
 B - 2 potions of experience {unknown}


   Skills:
 - Level 5.0 Fighting
 * Level 10.8 Axes
 - Level 3.2 Armour
 - Level 5.0 Shields
 - Level 5.0 Invocations


You had 7 spell levels left.
You didn't know any spells.
Your spell library contained the following spells:

 Spells                   Type           Power      Damage    Failure   Level
 Beastly Appendage        Tmut           0%         N/A       50%         1
 Necrotise                Necr           0%         1d4       50%         1
 Wereblood                Tmut           0%         N/A       63%         2
 Spider Form              Tmut/Pois      0%         N/A       86%         3
 Vampiric Draining        Necr           0%         2d6       86%         3
 Agony                    Necr           0%         N/A       100%        5


Dungeon Overview and Level Annotations

Branches:
Dungeon (6/15)
 Temple: D:4-7

Altars:
Fedhas
Hepliaklqana
Qazlal

Shops:
D:1 *

Annotations:
D:6 Maggie


Message History

You hit the steam dragon. You closely miss the adder.
You feel sick. The adder bites you.
* * * LOW HITPOINT WARNING * * *
Maggie says, "Fear not.
I will immortalize you in the tale of my first kill."
Maggie gestures at you while chanting. The bolt of fire misses you.
You block the steam dragon's attack.
The steam dragon claws you but does no damage.
The adder bites you but does no damage.
It was a potion of lignification.
You turn into a tree.
Your +0 cloak melds into your body.
Your +0 scale mail melds into your body.
Your roots penetrate the ground.
You feel sick. Maggie hits you but does no damage.
The adder bites you but does no damage. You block the steam dragon's attack.
The steam dragon claws you but does no damage.
You hit Maggie but do no damage.
Maggie is heavily wounded.
You hit the steam dragon but do no damage.
You hit the adder but do no damage.
You feel sick. The adder bites you but does no damage.
Maggie hits you but does no damage. The steam dragon barely misses you.
The steam dragon claws you but does no damage.
You closely miss Maggie.
Maggie is heavily wounded.
You closely miss the steam dragon. You miss the adder.
You feel sick. The adder bites you but does no damage.
Maggie hits you but does no damage. The steam dragon bites you!
* * * LOW HITPOINT WARNING * * *
The steam dragon completely misses you. The adder completely misses you.
You closely miss Maggie.
Maggie is heavily wounded.
You hit the steam dragon but do no damage.
You completely miss the adder.
* * * LOW HITPOINT WARNING * * *
You feel sick.
Maggie gestures wildly while chanting.
Maggie draws you further into her thrall.
The steam dragon breathes steam at you. The ball of steam hits you. You resist.
You die...

. #....#.#
###.###.#
.###...#
#.# #.# ..
#.###.# .##
. #.....#
.. ..
#.##### #.#
... #####.#
..#....
###...#.#
.....#
........#
..#
###...#♣#
..#
#...S@D.#
..##
....##.Y..#
...# .##.
#....# ...#
. #..###
...# . .)..
.).# ....
...# .....
...#


You could see Maggie (mesmerising), a steam dragon (catching breath), an ice
beast and an adder.

Vanquished Creatures
  Eustachio (D:6)
  Duvessa (D:6)
  A water moccasin (D:5)
  An ice beast (D:5)
  A black bear (D:5)
  An ogre (D:6)
  A necrophage (D:5)
  Dowan (D:6)
  2 howler monkeys
  A jelly (D:5)
  3 hounds
  4 iguanas
  An orc wizard (D:3)
  Natasha (thrice) (D:3)
  2 gnolls (D:6)
  4 adders
  2 worms (D:2)
  2 dart slugs
  8 orcs
  3 ball pythons
  6 endoplasms
  A giant cockroach (D:2)
  9 goblins
  6 hobgoblins
  8 kobolds
  5 quokkas
  3 bats
  3 frilled lizards
  9 rats
93 creatures vanquished.

Vanquished Creatures (others)
  3 fungi (D:4)
  3 plants (D:4)
6 creatures vanquished.

Grand Total: 99 creatures vanquished

Notes
Turn   | Place    | Note
-------+----------+-------------------------------------------
     0 | D:1      | MacCMillion the Hill Orc Fighter began the quest for the
                  | Orb.
     0 | D:1      | Reached XP level 1. HP: 19/19 MP: 1/1
   139 | D:1      | Reached skill level 3 in Axes
   267 | D:1      | Reached XP level 2. HP: 26/26 MP: 2/2
   436 | D:1      | Found Yczirautt's General Store.
   512 | D:1      | Noticed a floating eye
   515 | D:1      | Found a faded altar of an unknown god.
   516 | D:1      | Noticed a great orb of eyes
   516 | D:1      | Noticed a great orb of eyes
   516 | D:1      | Noticed a shining eye
   666 | D:2      | Identified the ring of Ypofegor {Dex+3 SInv}
   823 | D:2      | Found a hazy altar of Hepliaklqana.
   855 | D:2      | Reached skill level 4 in Axes
   865 | D:2      | Reached XP level 3. HP: 21/31 MP: 3/3
  1654 | D:3      | Noticed Natasha
  1663 | D:3      | Killed Natasha
  1664 | D:3      | Reached XP level 4. HP: 24/39 MP: 4/4
  1800 | D:3      | Noticed Natasha
  1811 | D:3      | Killed Natasha
  1812 | D:3      | Reached skill level 5 in Axes
  2131 | D:3      | Reached XP level 5. HP: 19/45 MP: 5/5
  2330 | D:3      | Noticed Natasha
  2337 | D:3      | Killed Natasha
  2338 | D:3      | Reached skill level 6 in Axes
  3034 | D:4      | Found a stormy altar of Qazlal.
  3039 | D:4      | Found a blossoming altar of Fedhas.
  3041 | D:4      | Became a worshipper of Qazlal Stormbringer
  3057 | D:4      | Noticed an ogre
  3076 | D:4      | HP: 2/45 [ogre/+0 giant club (24)]
  4025 | D:4      | Reached skill level 1 in Invocations
  4025 | D:4      | Reached XP level 6. HP: 49/51 MP: 6/6
  4129 | D:5      | Entered Level 5 of the Dungeon
  4137 | D:5      | Noticed a black bear
  4152 | D:5      | Killed a black bear
  4153 | D:5      | Reached skill level 7 in Axes
  4153 | D:5      | Reached skill level 5 in Shields
  4752 | D:5      | Noticed an ice beast
  4768 | D:5      | Killed an ice beast
  4769 | D:5      | Reached XP level 7. HP: 54/59 MP: 7/9
  5096 | D:5      | Reached skill level 8 in Axes
  5116 | D:6      | Noticed Maggie
  5426 | D:6      | Noticed Duvessa
  5487 | D:6      | Noticed Dowan
  5494 | D:6      | Killed Duvessa
  5495 | D:6      | Reached skill level 5 in Fighting
  5495 | D:6      | Reached skill level 9 in Axes
  5495 | D:6      | Reached XP level 8. HP: 28/68 MP: 9/11
  5697 | D:6      | Killed Dowan
  5714 | D:6      | Noticed Eustachio
  5729 | D:6      | Killed Eustachio
  6030 | D:6      | Reached skill level 5 in Invocations
  6091 | D:5      | Reached skill level 10 in Axes
  6432 | D:6      | HP: 3/102 [steam dragon (8)]
  6433 | D:6      | Killed from afar by a steam dragon

Illustrated notes

Levels and vault maps discovered:
D:1:      tarquinn_simple_flora_water_d, layout_loops_ring,
          hellmonk_ecumenical_altar_watching_god, serial_shops, shop
D:2:      layout_basic, basic_altar
D:3:      layout_loops_ring, uniq_natasha
D:4:      layout_rooms, grunt_temple_overflow_forces_of_nature,
          roderic_three_in_a_row
D:5:      layout_loops_ring
D:6:      layout_basic, uniq_eustachio, uniq_duvessa, uniq_maggie

Skill      XL: |  1  2  3  4  5  6  7  8 |
---------------+-------------------------+-----
Axes           | 3 4 5 6 7 9 10 | 10.8
Shields        | 4 5 |  5.0
Invocations    | 1 2 4 5 |  5.0
Fighting       | 4 5 |  5.0
Armour         | |  3.2

Action                   |  1- 3 |  4- 6 |  7- 9 || total
-------------------------+-------+-------+-------++-------
Melee: War axe           |    71 |   107 |   112 ||   290
Throw: Javelin           |       |     2 |       ||     2
       Dart              |       |       |     2 ||     2
  Use: Potion            |       |       |     4 ||     4
Armor: Scale mail        |    18 |    43 |    65 ||   126
       Skin              |       |       |     8 ||     8
Dodge: Dodged            |    25 |    42 |    69 ||   136
Block: Buckler           |     8 |    19 |    37 ||    64
